 Dungeon Crawl Stone Soup version 0.32-a0-163-g159c032296 (webtiles) character file.

Game seed: 7658958769384252403

8825 Ceno the Covert (level 11, -3/66 HPs)
             Began as a Vampire Enchanter on Feb 11, 2024.
             Was a Follower of Kikubaaqudgha.
             Slain by a torpor snail (11 damage)
             ... on level 1 of the Lair of Beasts.
             The game lasted 00:38:12 (11305 turns).

Ceno the Covert (Vampire Enchanter)                Turns: 11305, Time: 00:38:13

Health: -3/66      AC:  9    Str:  9    XL:     11   Next: 15%
Magic:  10/17      EV: 15    Int: 21    God:    Kikubaaqudgha [*.....]
Gold:   482        SH:  0    Dex: 14    Spells: 4/18 levels left

rFire   . . .        a - +1 dagger (elec)
rCold   + + +        (no shield)
rNeg    + + +        c - +2 leather armour {rC+}
rPois   ∞            (no helmet)
rElec   .            (no cloak)
rCorr   .            (no gloves)
SInv    +            (no boots)
Will    +....        m - amulet of magic regeneration
Stlth   ++++++       t - +4 ring of protection
HPRegen 0.00/turn    H - ring of wizardry
MPRegen 0.55/turn

%: wizardry (x1)
@: confusing by touch, bloodless, inhibited regen, slowed, very slow
A: bloodless, fangs 3, see invisible, vampiric 2
a: Bat Form, Revivify, Renounce Religion, Unearth Wretches


You were on level 1 of the Lair of Beasts.
You worshipped Kikubaaqudgha.
Kikubaaqudgha was aware of your devotion.
You visited 3 branches of the dungeon, and saw 14 of its levels.

You collected 482 gold pieces.

Inventory:

Hand Weapons
 a - a +1 dagger of electrocution (weapon)
 b - a +0 long sword
 j - a +0 dagger of draining
 G - a +0 rapier
Missiles
 k - 91 stones (quivered)
 o - 2 throwing nets
 y - 12 poisoned darts
Armour
 c - a +2 leather armour of cold resistance (worn)
Jewellery
 g - a ring of positive energy
 m - an amulet of magic regeneration (around neck)
 t - a +4 ring of protection (left hand)
 H - a ring of wizardry (right hand)
 O - an amulet of guardian spirit
Wands
 u - a wand of acid (1)
 C - a wand of digging (3)
 J - a wand of charming (23)
 Q - a wand of roots (10)
 R - a wand of flame (2)
Scrolls
 d - 2 scrolls of vulnerability {unknown}
 f - 4 scrolls of immolation
 h - a scroll of revelation
 l - a scroll of blinking
 n - a scroll of summoning {unknown}
 p - a scroll of enchant armour {unknown}
 r - a scroll of poison
 v - a scroll of noise
 x - 2 scrolls of enchant weapon {unknown}
 z - 2 scrolls of amnesia
 B - 2 scrolls of identify
 E - a scroll of teleportation {unknown}
 K - a scroll of acquirement {unknown}
 L - a scroll of brand weapon {unknown}
 M - a scroll of fog {unknown}
 P - a scroll of fear {unknown}
Potions
 e - 2 potions of attraction
 i - 2 potions of lignification
 q - 2 potions of mutation
 s - 3 potions of brilliance
 w - a potion of magic
 A - 2 potions of might
 D - 2 potions of resistance
 F - 2 potions of curing
 I - a potion of enlightenment
 N - 2 potions of degeneration


   Skills:
 + Level 6.9 Fighting
 - Level 1.1(6.0) Short Blades
 + Level 8.6(8.7) Long Blades
 + Level 2.0 Armour
 - Level 8.0 Dodging
 - Level 10.0 Stealth
 - Level 4.0 Spellcasting
 - Level 10.0 Hexes
 + Level 5.3 Necromancy
 - Level 1.0 Ice Magic


You had 4 spell levels left.
You knew the following spells:

 Your Spells              Type           Power      Damage    Failure   Level
a - Ensorcelled Hibernat  Hex/Ice        54%        N/A       1%          2
b - Confusing Touch       Hex            46%        N/A       1%          3
c - Tukima's Dance        Hex            46%        N/A       1%          3
d - Dazzling Flash        Conj/Hex       50%        N/A       2%          3
e - Fugue of the Fallen   Necr           26%        N/A       2%          3

Your spell library contained the following spells:

 Spells                   Type           Power      Damage    Failure   Level
 Necrotise                Necr           100%       1d9       1%          1
 Sublimation of Blood     Necr           26%        N/A       1%          2
 Kiss of Death            Conj/Necr      60%        2d10      2%          1
 Inner Flame              Hex/Fire       25%        N/A       2%          3
 Magic Dart               Conj           16%        1d3       6%          1
 Shock                    Conj/Air       16%        1d4       6%          1
 Flame Wave               Conj/Fire      4%         2d5       52%         4
 Ignite Poison            Fire/Alch      4%         N/A       52%         4
 Sticky Flame             Fire/Alch      4%         2d4       52%         4
 Ignition                 Fire           2%         3d3       100%        8


Dungeon Overview and Level Annotations

Branches:
Dungeon (12/15)            Temple (1/1) D:4            Lair (1/5) D:9
    Orc: D:9-12

Altars:
Ashenzari
Cheibriados
Dithmenos
Fedhas
Gozag
Hepliaklqana
Kikubaaqudgha
Makhleb
Nemelex Xobeh
Okawaru
Qazlal
Ru
Sif Muna
Trog
Uskayaw
Vehumet
Wu Jian
Xom
Yredelemnul

Shops:
D:4 =   D:5 :   D:8 !   D:10 :

Annotations:
D:3 Grinder
D:5 Pikel
D:6 exclusion: 2 doors
D:7 2 transporters
D:8 2 transporters, exclusion: white imp, MrSquiggles's ghost, novice DsWn


Innate Abilities, Weirdness & Mutations

You do not regenerate when monsters are visible.
You are frail without blood (-20% HP).
You can heal yourself when you bite living creatures.
You are immune to poison.
You have razor-sharp teeth.
You have supernaturally acute eyesight. (SInv)
You are afflicted with vampirism and can become a bat while bloodless.


Message History

Confirm with . or Enter, or press ? or * to list all spells.
Aiming: Ensorcelled Hibernation (safe; 1% risk of failure)
Press: ? - help, Shift-Dir - straight line, f/p - torpor snail
Aim: a torpor snail (chance to affect: 12%)
Okay, then.
Casting: Ensorcelled Hibernation (safe; 1% risk of failure)
Confirm with . or Enter, or press ? or * to list all spells.
Your hands begin to glow red.
The torpor snail bites you!
You hit the torpor snail but do no damage.
The torpor snail bites you!
You hit the torpor snail but do no damage.
The torpor snail bites you.
You hit the torpor snail but do no damage.
You bite the torpor snail, but do no damage.
You hit the torpor snail but do no damage.
The torpor snail bites you but does no damage.
You hit the torpor snail but do no damage.
The torpor snail bites you!
You are too injured to fight recklessly!
You are too injured to fight recklessly!
Casting: Confusing Touch (safe; 1% risk of failure)
Confirm with . or Enter, or press ? or * to list all spells.
Casting: Dazzling Flash (dangerous; 2% risk of failure)
Press: ? - help, Dir - look around, f - activate Look: a torpor snail (chance to confuse on hit: 19%, chance to dazzle: 44%)
The torpor snail bites you.
Casting: Dazzling Flash (dangerous; 2% risk of failure)
Confirm with . or Enter, or press ? or * to list all spells.
Casting: Dazzling Flash (dangerous; 2% risk of failure)
Press: ? - help, Dir - look around, f - activate The torpor snail bites you!
* * * LOW HITPOINT WARNING * * *
Unknown command.
Casting: Dazzling Flash (dangerous; 2% risk of failure)
Confirm with . or Enter, or press ? or * to list all spells.
Casting: Dazzling Flash (dangerous; 2% risk of failure)
Press: ? - help, Dir - look around, f - activate The torpor snail bites you!
You die...
Kikubaaqudgha rasps: You have failed me!
Welcome... oblivion!

##...##P##.
#..........
#..........
..........
#.........
#.........
#..w......
#.@.......
##...###.## #...##
##....#... ##..#
.....#... #..##
###....P... #...#
.......... #...#
#........ #..#####
#........
#..###.####....##..


You could see a torpor snail.

Vanquished Creatures
  An orc knight (D:10)
  2 cane toads (Lair:1)
  A komodo dragon (Lair:1)
  3 trolls (D:10)
  A hornet (D:9)
  3 wraiths
  A wyvern (D:8)
  A shadow (D:9)
  5 yaks (Lair:1)
  A steam dragon (D:8)
  A dancing weapon (D:10)
  7 vampire mosquitoes
  Duvessa (D:7)
  3 water moccasins
  4 orc warriors
  2 black bears
  3 ice beasts
  A centaur (D:10)
  2 kobold brigands
  3 bullfrogs
  A gnoll sergeant (D:10)
  2 scorpions
  Dowan (D:7)
  9 killer bees
  3 howler monkeys
  2 jellies
  5 hounds
  5 orc priests
  Jessica (D:2)
  11 orc wizards
  6 iguanas
  2 sleepcaps
  10 gnolls
  8 adders
  6 shadow imps
  3 white imps (D:8)
  5 ufetubi
  A dart slug (D:1)
  2 ribbon worms
  40 orcs
  9 ball pythons
  7 endoplasms
  4 giant cockroaches
  5 goblins
  6 hobgoblins
  19 jackals
  18 kobolds
  6 quokkas
  7 bats
  5 frilled lizards
  5 rats
260 creatures vanquished.

Vanquished Creatures (collateral kills)
  A two-headed ogre (D:9)
  An orc warrior (D:5)
  An orc wizard (D:9)
  A gnoll (D:6)
  An orc (D:10)
5 creatures vanquished.

Vanquished Creatures (others)
  A yak (D:7)
  9 dancing weapons
  A kobold (D:10)
11 creatures vanquished.

Grand Total: 276 creatures vanquished

Notes
Turn   | Place    | Note
-------+----------+-------------------------------------------
     0 | D:1      | Ceno the Vampire Enchanter began the quest for the Orb.
     0 | D:1      | Reached XP level 1. HP: 13/13 MP: 3/3
   116 | D:1      | Reached XP level 2. HP: 13/19 MP: 5/5
   121 | D:1      | Learned a level 2 spell: Ensorcelled Hibernation
   795 | D:1      | Reached skill level 5 in Stealth
   799 | D:1      | Gained mutation: You are afflicted with vampirism and can
                  | become a bat while bloodless. [Vampire growth]
   799 | D:1      | Reached XP level 3. HP: 24/24 MP: 7/7
   904 | D:1      | Reached skill level 5 in Hexes
  1217 | D:2      | Learned a level 3 spell: Confusing Touch
  1298 | D:2      | Found a snail-covered altar of Cheibriados.
  1303 | D:2      | Learned a level 3 spell: Tukima's Dance
  1704 | D:2      | Reached XP level 4. HP: 24/24 MP: 3/8
  1976 | D:2      | Noticed Jessica
  1981 | D:2      | Killed Jessica
  2491 | D:3      | Noticed Grinder
  2499 | D:3      | Reached XP level 5. HP: 28/28 MP: 5/10
  3393 | D:4      | Found a staircase to the Ecumenical Temple.
  3419 | Temple   | Entered the Ecumenical Temple
  3771 | D:4      | Reached XP level 6. HP: 32/32 MP: 5/12
  4084 | D:4      | Found Ukligh's Jewellery Emporium.
  4130 | D:4      | Learned a level 3 spell: Dazzling Flash
  4242 | D:4      | Reached skill level 1 in Long Blades
  4242 | D:4      | Reached skill level 1 in Ice Magic
  4340 | D:5      | Entered Level 5 of the Dungeon
  4372 | D:5      | Noticed a water moccasin
  4376 | D:5      | Killed a water moccasin
  4377 | D:5      | Reached XP level 7. HP: 36/36 MP: 13/13
  4409 | D:5      | Noticed a walking divine tome
  4460 | D:5      | Found Vauh's Book Shoppe.
  4462 | D:5      | Noticed a walking divine tome
  4974 | D:5      | Found a blossoming altar of Fedhas.
  5179 | D:5      | Noticed Pikel
  5396 | D:5      | Found a bloodstained altar of Trog.
  5418 | D:5      | Found a shimmering blue altar of Sif Muna.
  5422 | D:5      | Got Sif Muna's Lectures on Fulmination
  5892 | D:6      | Reached XP level 8. HP: 40/41 MP: 6/14
  5930 | D:6      | Reached skill level 10 in Stealth
  6244 | D:6      | Reached skill level 1 in Fighting
  6354 | D:6      | Found a radiant altar of Vehumet.
  6557 | D:7      | Noticed Duvessa
  6557 | D:7      | Noticed Dowan
  6921 | D:7      | Noticed a gargoyle
  6927 | D:7      | Noticed an efreet
  6929 | D:7      | Found a transporter.
  6937 | D:7      | Found a transporter.
  7075 | D:7      | Killed Duvessa
  7076 | D:7      | Reached skill level 10 in Hexes
  7098 | D:7      | Killed Dowan
  7114 | D:7      | Reached skill level 5 in Long Blades
  7134 | D:7      | Reached XP level 9. HP: 45/49 MP: 3/15
  7269 | D:7      | Found a shadowy altar of Dithmenos.
  7555 | D:8      | Found Foxum's Distillery.
  7783 | D:8      | Reached skill level 5 in Dodging
  7788 | D:8      | Noticed MrSquiggles's ghost (novice DsWn)
  7798 | D:8      | Found a transporter.
  7817 | D:8      | Found a transporter.
  8444 | D:9      | You fall into a shaft and drop 3 floors!
  8547 | D:10     | Entered Level 10 of the Dungeon
  8559 | D:10     | Noticed a troll
  8567 | D:10     | Killed a troll
  8586 | D:10     | Noticed a troll
  8590 | D:10     | Found a hazy altar of Hepliaklqana.
  8594 | D:10     | Killed a troll
  8779 | D:9      | Reached skill level 5 in Fighting
  8939 | D:9      | Found an iron altar of Okawaru.
  8939 | D:9      | Found a snail-covered altar of Cheibriados.
  8948 | D:9      | Found an ancient bone altar of Kikubaaqudgha.
  8949 | D:9      | Found an opulent altar of Gozag.
  8953 | D:9      | Became a worshipper of Kikubaaqudgha
  9009 | D:9      | Found a staircase to the Lair.
  9171 | D:9      | Reached skill level 1 in Necromancy
  9171 | D:9      | Reached XP level 10. HP: 59/59 MP: 14/16
  9400 | D:9      | Noticed a two-headed ogre
  9411 | D:9      | Killed a two-headed ogre
  9581 | D:10     | Noticed an orc knight
 10384 | D:10     | Reached * piety under Kikubaaqudgha
 10384 | D:10     | Received a gift from Kikubaaqudgha
 10417 | D:10     | Learned a level 3 spell: Fugue of the Fallen
 10651 | D:10     | Killed an orc knight
 10769 | D:10     | Found Xuag's Self-Published Books.
 10909 | D:10     | Reached skill level 1 in Armour
 11065 | Lair:1   | Entered Level 1 of the Lair of Beasts
 11156 | Lair:1   | Noticed a cane toad
 11176 | Lair:1   | Killed a cane toad
 11177 | Lair:1   | Reached XP level 11. HP: 66/66 MP: 15/17
 11236 | Lair:1   | Reached skill level 5 in Necromancy
 11305 | Lair:1   | Slain by a torpor snail

Illustrated notes

Levels and vault maps discovered:
D:1:      scummos_arrival_simple_fountains, layout_loops_ring
D:2:      layout_loops_corners, basic_altar, hex_medium, solitary_fountain,
          uniq_jessica
D:3:      layout_basic, st_stairs_5, minmay_hedge_maze,
          nicolae_figureground_pulse, uniq_grinder
D:4:      layout_gridville, minmay_temple_entry_arrows, serial_shops, shop,
          fountainhead, kennysheep_windowed_goal
D:5:      layout_basic, nzn_overflow_gifts_of_might_and_magic, fedhas_altar_1,
          serial_shops, nicolae_shop_mannequins, uniq_pikel
D:6:      layout_loops_ring, vehumet_crystals, kennysheep_dice
D:7:      layout_basic, gammafunk_temple_overflow_arena,
          mainiacjoe_overflow_six_doors_small, st_stairs_5, uniq_duvessa
D:8:      layout_gridville, gammafunk_ghost_stat_death, serial_shops,
          kennysheep_mini, serial_demonic, serial_demonic_b, serial_demonic_e,
          serial_demonic_e, serial_demonic_f, nicolae_fountain_basement
D:9:      layout_basic, chequers_temple_overflow_minitemple, lair_entry_dummy,
          nicolae_concentric_dashed_squares_mild
D:10:     layout_big_octagon, mainiacjoe_overflow_chevrons,
          nicolae_custom_books, lightli_church_of_beogh
D:11:     layout_irregular_city, david_orc_4, minivault_1
D:12:     layout_roguey, serial_shops, shop
Temple:   eino_temple_lava
Lair:1:   layout_regular_city, grunt_megastairs_4, uniq_amaemon

Skill      XL: |  1  2  3  4  5  6  7  8  9 10 11 |
---------------+----------------------------------+-----
Stealth        | 5 7 8 9 10 | 10.0
Hexes          | 5 6 7 8 10 | 10.0
Spellcasting   | 3 4 |  4.0
Long Blades    | 1 3 5 7 8 |  8.6
Ice Magic      | 1 |  1.0
Fighting       | 2 5 6 |  6.9
Dodging        | 4 6 8 |  8.0
Necromancy     | 1 4 5 |  5.3
Armour         | 1 2 |  2.0
Short Blades   | |  1.1

Action                     |  1- 3 |  4- 6 |  7- 9 | 10-12 || total
---------------------------+-------+-------+-------+-------++-------
  Melee: Dagger            |    83 |   113 |   318 |   139 ||   653
         Bite              |     4 |     6 |    36 |    15 ||    61
         Punch             |     1 |     1 |     5 |     2 ||     9
  Throw: Stone             |     4 |     7 |     8 |    10 ||    29
   Cast: Ensorcelled Hiber |    23 |    65 |    73 |    43 ||   204
         Tukima's Dance    |     2 |       |     9 |    12 ||    23
         Confusing Touch   |       |     3 |    23 |    11 ||    37
         Dazzling Flash    |       |       |    12 |    13 ||    25
Ability: Exsanguinate      |     1 |       |       |       ||     1
    Use: Potion            |     1 |       |       |     1 ||     2
         Scroll            |       |     1 |     7 |     8 ||    16
   Stab: Sleeping          |    29 |    58 |    51 |    34 ||   172
         Invisible         |     2 |       |     9 |     9 ||    20
         Confused          |       |     3 |    23 |     9 ||    35
         Distracted        |       |     1 |       |       ||     1
 Armour: Robe              |    19 |       |       |       ||    19
         Leather armour    |    26 |    50 |   188 |    94 ||   358
  Dodge: Dodged            |    38 |    74 |   230 |   109 ||   451

Table legend: (Time is in decaauts)
 A = Elapsed time spent in this place.
 B = Non-inter-level travel time spent in this place.
 C = Inter-level travel time spent in this place.
 D = Time resting spent in this place.
 E = Time spent auto-exploring this place.
 F = Levels seen in this place.
 G = Mean time per level.
                   A        B        C        D        E       F      G
               +--------+--------+--------+--------+--------+-----+--------+
         Total |  11247 |  10606 |    641 |   1375 |   5317 |  14 |  803.4 |
       Dungeon |  10916 |  10275 |    641 |   1276 |   5317 |  12 |  909.7 |
        Temple |     90 |     90 |      0 |     79 |      0 |   1 |   90.0 |
          Lair |    240 |    240 |      0 |     20 |      0 |   1 |  240.0 |
               +--------+--------+--------+--------+--------+-----+--------+

Top non-repeatable levels by time:
     D:9: 1578 daAuts
     D:5: 1373 daAuts
     D:2: 1334 daAuts
     D:1: 1236 daAuts
    D:10: 1006 daAuts
     D:8: 898 daAuts
     D:4: 881 daAuts
     D:7: 864 daAuts
     D:6: 840 daAuts
     D:3: 798 daAuts
  Lair:1: 240 daAuts
    D:12: 98 daAuts
  Temple: 90 daAuts
    D:11: 3 daAuts
